 Dungeon Crawl Stone Soup version 0.32-a0-42-ga30500b4d3 (webtiles) character file.

Game seed: 3225818895034633691

644 jlumianski the Ruffian (level 7, -11/53 HPs)
             Began as a Gnoll Shapeshifter on Feb 2, 2024.
             Killed from afar by Dowan (21 damage)
             ... with a shard of ice
             ... on level 4 of the Dungeon.
             The game lasted 00:13:46 (2952 turns).

jlumianski the Ruffian (Gnoll Shapeshifter)         Turns: 2952, Time: 00:13:47

Health: -11/53     AC:  1    Str: 15    XL:     7   Next: 52%
Magic:  10/10      EV: 17    Int:  9    God:
Gold:   174        SH:  0    Dex: 12    Spells: 11/11 levels left

rFire   + .          .
                       - Unarmed
rCold   . . .        (shield currently unavailable)
rNeg    . . .        a - melded +1 animal skin
rPois   .            (no helmet)
rElec   .            (no cloak)
rCorr   .            k - +0 pair of gloves
SInv    .            (no boots)
Will    .....        (no amulet)
Stlth   +            n - ring of protection from fire
HPRegen 0.28/turn    (no ring)
MPRegen 0.12/turn

%: no passive effects
@: flux-form, glowing
A: glow, contaminating, fangs 1, strong nose, distributed training
a: Begin Untransformation


You were on level 4 of the Dungeon.
You were something dangerously unstable.
You visited 1 branch of the dungeon, and saw 5 of its levels.

You collected 174 gold pieces.

Inventory:

Missiles
 h - 9 poisoned darts (quivered)
 o - a boomerang
Armour
 a - a +1 animal skin (melded)
 k - a +0 pair of gloves (worn)
Magical Staves
 f - a staff of conjuration
Jewellery
 n - a ring of protection from fire (left hand)
Talismans
 c - a beast talisman
 d - a flux talisman (active)
 j - a blade talisman
Scrolls
 l - 2 scrolls of identify {unknown}
 m - a scroll of teleportation
Potions
 b - a potion of lignification
 e - 3 potions of curing
 g - a potion of cancellation {unknown}
 i - a potion of might
 p - a potion of heal wounds {unknown}


   Skills:
 + Level 3.7 Fighting
 + Level 2.6 Short Blades
 + Level 2.6 Long Blades
 + Level 2.6 Axes
 + Level 2.6 Maces & Flails
 + Level 2.6 Polearms
 + Level 2.6 Staves
 + Level 2.6 Ranged Weapons
 + Level 2.6 Throwing
 + Level 2.6 Armour
 + Level 5.3 Dodging
 + Level 2.6 Stealth
 + Level 2.6 Shields
 + Level 7.1 Unarmed Combat
 + Level 2.6 Spellcasting
 + Level 2.1 Conjurations
 + Level 2.1 Hexes
 + Level 2.1 Summonings
 + Level 2.1 Necromancy
 + Level 2.1 Translocations
 + Level 2.1 Fire Magic
 + Level 2.1 Ice Magic
 + Level 2.1 Air Magic
 + Level 2.1 Earth Magic
 + Level 2.1 Alchemy
 + Level 2.9 Invocations
 + Level 2.6 Evocations
 + Level 7.0 Shapeshifting


You had 11 spell levels left.
You didn't know any spells.
Your spell library contained the following spells:

 Spells                   Type           Power      Damage    Failure   Level
 Inner Flame              Hex/Fire       5%         N/A       36%         3
 Tukima's Dance           Hex            5%         N/A       36%         3
 Dimensional Bullseye     Hex/Tloc       2%         N/A       78%         4
 Flame Wave               Conj/Fire      5%         2d5       78%         4
 Iskenderun's Mystic Bla  Conj/Tloc      5%         2d3       78%         4
 Sticky Flame             Fire/Alch      5%         2d4       78%         4


Dungeon Overview and Level Annotations

Branches:
Dungeon (5/15)             Temple (0/1) D:4

Altars:
Uskayaw

Annotations:
D:4 Dowan
D:5 Blork the orc


Innate Abilities, Weirdness & Mutations

You are something dangerously unstable.
You glow with magical radiation, making you easy to see and hit.
Foes you strike become dangerously contaminated with magical radiation.
You are incapable of wielding weapons or throwing items.
You have very sharp teeth.
Your uncanny sense of smell can sniff out nearby items.
Your experience applies equally to all skills.


Message History

You see here a +0 giant club.
Duvessa attacks as she pursues you! Duvessa hits you with a +0 short sword!
You hit Duvessa.
Duvessa begins to glow.
Duvessa is lightly wounded.
Duvessa hits you with a +0 short sword.
You hit Duvessa.
Duvessa glows dangerously bright.
You bite Duvessa, but do no damage.
Duvessa is lightly wounded.
Duvessa closely misses you.
You barely miss Duvessa.
Duvessa is lightly wounded.
You punch Duvessa!
Duvessa shudders as magic cascades through her.
Duvessa twists and deforms.
Duvessa is moderately wounded.
Duvessa hits you with a +0 short sword!
You barely miss Duvessa. You bite Duvessa.
Duvessa is moderately wounded.
Duvessa closely misses you.
You hit Duvessa.
Duvessa begins to glow.
Duvessa is heavily wounded.
Duvessa hits you with a +0 short sword!
* * * LOW HITPOINT WARNING * * *
Dowan says, "Stay away from my face!"
You hit Duvessa.
Duvessa glows dangerously bright.
Duvessa is heavily wounded.
Duvessa closely misses you.
You feel better. Duvessa hits you with a +0 short sword!
* * * LOW HITPOINT WARNING * * *
Dowan gestures wildly while chanting.
Dowan blinks!
You hit Duvessa.
Duvessa shudders as magic cascades through her!!
You kill Duvessa!
Dowan's eyes darken. "You have made a grave mistake."
Dowan seems to find hidden reserves of power!
Your Shapeshifting skill increases to level 7!
Dowan points at you and mumbles some strange words.
The shard of ice hits you!!
You die...

# .####.#...e.... #
...........e.#?# #
...# #<.....# ...
#......# .. #..#####
### ##. #......# #.#
#.# ##.###.#
#########.#####.#####
...# .#
...............ep.)ยง#
#.... ..
....#####....[..###.#
#.### ###
###.#####.####### #.#
#. #....##.# #.# #.
#..#.##.# #.# #
#..#..#.#########e.
#..............##.#
####.#.##.######.##.#
........#.######.#


You could see Dowan (fast).

Vanquished Creatures
  Eustachio (D:4)
  Duvessa (D:4)
  An ogre (D:4)
  A scorpion (D:5)
  A bombardier beetle (D:4)
  2 orc priests (D:3)
  Natasha (thrice) (D:2)
  An orc wizard (D:3)
  A gnoll (D:1)
  2 orcs (D:3)
  3 bats
  4 endoplasms
  4 giant cockroaches
  4 goblins
  3 hobgoblins
  2 jackals (D:2)
  5 quokkas
  A ball python (D:4)
  A frilled lizard (D:3)
  4 kobolds (D:1)
  6 rats
51 creatures vanquished.

Notes
Turn   | Place    | Note
-------+----------+-------------------------------------------
     0 | D:1      | jlumianski the Gnoll Shapeshifter began the quest for the
                  | Orb.
     0 | D:1      | Reached XP level 1. HP: 17/17 MP: 1/1
   111 | D:2      | Noticed Natasha
   157 | D:1      | Reached XP level 2. HP: 23/23 MP: 2/2
   545 | D:1      | Reached XP level 3. HP: 28/28 MP: 3/3
   564 | D:2      | Killed Natasha
   565 | D:2      | Reached skill level 1 in Short Blades
   565 | D:2      | Reached skill level 1 in Long Blades
   565 | D:2      | Reached skill level 1 in Axes
   565 | D:2      | Reached skill level 1 in Maces & Flails
   565 | D:2      | Reached skill level 1 in Polearms
   565 | D:2      | Reached skill level 1 in Staves
   565 | D:2      | Reached skill level 1 in Ranged Weapons
   565 | D:2      | Reached skill level 1 in Throwing
   565 | D:2      | Reached skill level 1 in Armour
   565 | D:2      | Reached skill level 1 in Stealth
   565 | D:2      | Reached skill level 1 in Shields
   565 | D:2      | Reached skill level 1 in Spellcasting
   565 | D:2      | Reached skill level 1 in Invocations
   565 | D:2      | Reached skill level 1 in Evocations
   926 | D:1      | Reached XP level 4. HP: 34/34 MP: 5/5
  1028 | D:2      | Noticed Natasha
  1037 | D:2      | Killed Natasha
  1038 | D:2      | Reached skill level 1 in Conjurations
  1038 | D:2      | Reached skill level 1 in Hexes
  1038 | D:2      | Reached skill level 1 in Summonings
  1038 | D:2      | Reached skill level 1 in Necromancy
  1038 | D:2      | Reached skill level 1 in Translocations
  1038 | D:2      | Reached skill level 1 in Fire Magic
  1038 | D:2      | Reached skill level 1 in Ice Magic
  1038 | D:2      | Reached skill level 1 in Air Magic
  1038 | D:2      | Reached skill level 1 in Earth Magic
  1038 | D:2      | Reached skill level 1 in Alchemy
  1074 | D:2      | Noticed Natasha
  1171 | D:2      | Killed Natasha
  1313 | D:2      | Reached XP level 5. HP: 40/40 MP: 7/7
  1633 | D:4      | Found a staircase to the Ecumenical Temple.
  1635 | D:4      | Noticed Duvessa
  1635 | D:4      | Noticed Dowan
  1823 | D:4      | Noticed Eustachio
  1996 | D:3      | Found a hide-covered altar of Uskayaw.
  2647 | D:4      | Reached XP level 6. HP: 45/47 MP: 8/8
  2680 | D:5      | Entered Level 5 of the Dungeon
  2685 | D:5      | Reached skill level 5 in Dodging
  2923 | D:4      | Killed Eustachio
  2924 | D:4      | Reached XP level 7. HP: 45/52 MP: 10/10
  2933 | D:5      | Noticed Blork the orc
  2951 | D:4      | Killed Duvessa
  2952 | D:4      | Killed from afar by Dowan

Illustrated notes

Levels and vault maps discovered:
D:1:      minmay_arrival_diagonal_passages, layout_rooms, nicolae_grassy_gnolls
D:2:      layout_rooms, kennysheep_doodads, hangedman_decor_riveting,
          uniq_natasha
D:3:      layout_basic, nicolae_uskayaw_suspiria
D:4:      layout_basic, cheibriados_altar_1, temple_statues,
          chequers_ossuary_entry_cave, kennysheep_crisscross, uniq_eustachio,
          uniq_duvessa
D:5:      layout_rooms, old_standard_altar, uniq_blork_the_orc

Skill      XL: |  1  2  3  4  5  6  7 |
---------------+----------------------+-----
Short Blades   | 1 2 |  2.6
Long Blades    | 1 2 |  2.6
Axes           | 1 2 |  2.6
Maces & Flails | 1 2 |  2.6
Polearms       | 1 2 |  2.6
Staves         | 1 2 |  2.6
Ranged Weapons | 1 2 |  2.6
Throwing       | 1 2 |  2.6
Armour         | 1 2 |  2.6
Stealth        | 1 2 |  2.6
Shields        | 1 2 |  2.6
Spellcasting   | 1 2 |  2.6
Invocations    | 1 2 |  2.9
Evocations     | 1 2 |  2.6
Conjurations   | 1 2 |  2.1
Hexes          | 1 2 |  2.1
Summonings     | 1 2 |  2.1
Necromancy     | 1 2 |  2.1
Translocations | 1 2 |  2.1
Fire Magic     | 1 2 |  2.1
Ice Magic      | 1 2 |  2.1
Air Magic      | 1 2 |  2.1
Earth Magic    | 1 2 |  2.1
Alchemy        | 1 2 |  2.1
Fighting       | 3 |  3.7
Dodging        | 5 |  5.3
Unarmed Combat | 7 |  7.1
Shapeshifting  | 7 |  7.0

Action                     |  1- 3 |  4- 6 |  7- 9 || total
---------------------------+-------+-------+-------++-------
  Melee: Unarmed           |    46 |    65 |    12 ||   123
         Bite              |     5 |     7 |     3 ||    15
         Punch             |     1 |     2 |       ||     3
    Use: Potion            |     1 |     1 |     1 ||     3
         Scroll            |       |     6 |       ||     6
   Stab: Sleeping          |     1 |       |       ||     1
 Armour: Animal skin       |    23 |    25 |       ||    48
         Skin              |       |     5 |     7 ||    12
  Dodge: Dodged            |    32 |    39 |     5 ||    76
   Form: Flux              |       |     1 |       ||     1

Table legend: (Time is in decaauts)
 A = Elapsed time spent in this place.
 B = Non-inter-level travel time spent in this place.
 C = Inter-level travel time spent in this place.
 D = Time resting spent in this place.
 E = Time spent auto-exploring this place.
 F = Levels seen in this place.
 G = Mean time per level.
                   A        B        C        D        E       F      G
               +--------+--------+--------+--------+--------+-----+--------+
         Total |   2949 |   2904 |     45 |    471 |   1224 |   5 |  589.8 |
       Dungeon |   2949 |   2904 |     45 |    471 |   1224 |   5 |  589.8 |
               +--------+--------+--------+--------+--------+-----+--------+

Top non-repeatable levels by time:
     D:1: 889 daAuts
     D:3: 806 daAuts
     D:2: 609 daAuts
     D:4: 521 daAuts
     D:5: 122 daAuts
